 Dungeon Crawl Stone Soup version 0.19.0-19-g8c6edcc (webtiles) character file.

46 Chiseanne the Skirmisher (level 3, -16/51 HPs)
             Began as a Minotaur Berserker on Nov 14, 2016.
             Was a Believer of Trog.
             Demolished by an ogre
             ... wielding a +0 giant spiked club
              (25 damage)
             ... on level 3 of the Dungeon.
             The game lasted 00:01:53 (878 turns).

Chiseanne the Skirmisher (Minotaur Berserker)        Turns: 878, Time: 00:01:54

Health: -16/51     AC:  9    Str: 26    XL:     3   Next: 46%
Magic:  2/2        EV:  9    Int:  4    God:    Trog [**....]
Gold:   11         SH:  0    Dex: 10    Spells: 0 memorised, 2 levels left

rFire  . . .     SeeInvis .     a - +0 hand axe
rCold  + . .     Gourm    .     l - +0 chain mail {rC+}
rNeg   . . .     Faith    .     (no shield)
rPois  .         Spirit   .     (helmet restricted)
rElec  .         Reflect  .     (no cloak)
rCorr  .         Harm     .     (no gloves)
MR     ++...                    (no boots)
Stlth  ..........               (no amulet)
                                (no ring)
                                (no ring)

@: berserking, regenerating, very quick
A: retaliatory headbutt, horns 2
a: Berserk, Trog's Hand, Burn Spellbooks, Renounce Religion


You were on level 3 of the Dungeon.
You worshipped Trog.
Trog was pleased with you.
You were very hungry.

You visited 1 branch of the dungeon, and saw 3 of its levels.

You collected 11 gold pieces.

Inventory:

Hand Weapons
 a - a +0 hand axe (weapon)
Missiles
 b - 26 sling bullets
 e - 69 stones (quivered)
 k - 41 arrows
Armour
 l - a +0 chain mail of cold resistance (worn)
Scrolls
 h - 2 scrolls of remove curse
Potions
 f - 2 potions of flight {unknown}
 i - 2 potions of cancellation {unknown}
 j - a potion of curing {unknown}
Comestibles
 c - 4 bread rations
 d - 8 chunks of flesh
 g - 3 fruits


   Skills:
 * Level 4.4 Fighting
 * Level 4.0 Axes
 * Level 2.8 Armour
 * Level 2.9 Dodging


You had 2 spell levels left.
You didn't know any spells.

Dungeon Overview and Level Annotations

Branches:
Dungeon (3/15)

Altars:
Ru

Annotations:
D:3 Azzok's ghost, amateur GrFi


Innate Abilities, Weirdness & Mutations

You reflexively headbutt those who attack you in melee.
You have a pair of horns on your head.


Message History

You are too injured to fight recklessly!
You are too injured to fight recklessly!
You are too injured to fight recklessly!
You are too injured to fight recklessly!
You are too injured to fight recklessly!
You are too injured to fight recklessly!
You are too injured to fight recklessly!
You are too injured to fight recklessly!
You are too injured to fight recklessly!
You are too injured to fight recklessly!
Your skin crawls.
You feel resistant to hostile enchantments.
You feel somewhat more hungry.
The ogre hits you with a giant spiked club.
* * * LOW HITPOINT WARNING * * *
A red film seems to cover your vision as you go berserk!
You feel yourself moving faster!
You feel mighty!
You are feeling very hungry.
The ogre hits you with a giant spiked club!!
You die...

#.####### #####.###
#.......# #.#####.# #.#
.## #.# .. #[# .##
#.#####.#### #..O@......#
##.#..####.#.### #.#..#
#.#.#.. #.#..# #.#.#.#
.#####.#..####.#.#.#
#.................#.#
#######.#...##...##.######
##.#...[).#..........
#......##...##.......


You could see an ogre.

Vanquished Creatures
  An adder (D:3)
  5 orcs (D:3)
  A ball python (D:1)
  2 bats
  2 giant cockroaches
  5 goblins
  4 hobgoblins
  A quokka (D:3)
  A frilled lizard (D:1)
  A kobold (D:2)
  7 rats
30 creatures vanquished.

Notes
Turn   | Place    | Note
-------+----------+-------------------------------------------
     0 | D:1      | Chiseanne the Minotaur Berserker began the quest for the Orb.
     0 | D:1      | Reached XP level 1. HP: 19/19 MP: 0/0
   221 | D:2      | Reached XP level 2. HP: 27/27 MP: 1/1
   632 | D:3      | Reached ** piety under Trog
   717 | D:3      | Found a sacrificial altar of Ru.
   719 | D:3      | Noticed Azzok's ghost (amateur GrFi)
   723 | D:3      | Reached XP level 3. HP: 31/33 MP: 2/2
   874 | D:3      | Noticed an ogre
   878 | D:3      | Demolished by an ogre

Skill      XL: |  1  2  3 |
---------------+----------+-----
Fighting       | 4 |  4.4
Axes           | 4 |  4.0
Armour         | |  2.8
Dodging        | |  2.9

Action                   || total
-------------------------++-------
Melee: Hand axe          ||    58
       Headbutt          ||     4
Invok: Berserk           ||     1
       Trog's Hand       ||     1
  Use: Scroll            ||     1
Armor: Animal skin       ||     9
       Chain mail        ||    18
Dodge: Dodged            ||    37
